 Dungeon Sprint DCSS version 0.31.0-11-ge490571c62 (webtiles) character file.

Game seed: 6070609088144463801

257 boopmooplesden the Slasher (level 5, -11/51 HPs)
             Began as an Armataur Berserker on Feb 2, 2024.
             Was an Elder of Trog.
             Mangled by Menkaure (13 damage)
             ... in the Dungeon (Sprint VII: "The Pits").
             The game lasted 00:01:13 (546 turns).

boopmooplesden the Slasher (Armataur Berserker)      Turns: 546, Time: 00:01:14

Health: -11/51     AC: 11    Str: 22    XL:     5   Next: 93%
Magic:  5/5        EV:  7    Int:  8    God:    Trog [****..]
Gold:   0          SH:  0    Dex: 11    Spells: 4/4 levels left

rFire   . . .        n - +0 long sword (holy)
rCold   . . .        (no shield)
rNeg    . . .        m - +3 chain mail
rPois   .            (no helmet)
rElec   .            (no cloak)
rCorr   .            (no gloves)
SInv    .            (no barding)
Will    .....        (no amulet) Stlth
                     (no ring)
HPRegen 0.28/turn    (no ring)
MPRegen 0.09/turn

%: no teleportation, roll
@: on berserk cooldown
A: large, deformed body, tough skin 3, armoured tail, roll 1
a: Renounce Religion, Berserk, Trog's Hand, Brothers in Arms


You were in the Dungeon.
You worshipped Trog.
Trog was greatly pleased with you.
You visited 1 branch

Inventory:

Hand Weapons
 a - a +0 falchion
 i - a +2 falchion
 n - a +0 long sword of holy wrath (weapon)
Armour
 b - a +0 animal skin
 m - a +3 chain mail (worn)
Scrolls
 h - a scroll of blinking
 k - 2 scrolls of vulnerability
 l - a scroll of butterflies
Potions
 c - 6 potions of curing
 d - 2 potions of heal wounds
 e - a potion of haste
 f - 4 potions of magic
 g - 3 potions of berserk rage
 j - 2 potions of invisibility


   Skills:
 + Level 6.9 Fighting
 + Level 7.5 Long Blades
 + Level 4.8 Armour
 + Level 3.6 Dodging
 + Level 3.6 Stealth


You had 4 spell levels left.
You didn't know any spells.
Your spell library was empty.

Dungeon Overview and Level Annotations

Branches:
Dungeon (1/1)

Altars:
Gozag
Hepliaklqana
Sif Muna
Trog
Jiyva

Annotations:
D Menkaure


Innate Abilities, Weirdness & Mutations

Armour fits poorly on your strangely shaped body.
You have extremely tough skin. (AC +3)
You have a long armoured tail.
You regenerate magic when rolling toward enemies. (Rampage MPRegen)


Message History

The sky beast is severely wounded.
The sky beast hits you. The sky beast shocks you.
Menkaure calls on the powers of darkness!
The sky beast convulses!
Your body is wracked with pain!
The sky beast flickers out of sight!
Deactivating autopickup; reactivate with Ctrl-A.
Something hits you but does no damage.
Menkaure calls on the powers of darkness!
Something is bathed in an unholy light!
Your body is wracked with pain!
* * * LOW HITPOINT WARNING * * *
Unknown command.
Something unexpectedly blocks you, preventing you from rolling!
You hit something but do no damage. Something hits you but does no damage.
Something unexpectedly blocks you, preventing you from rolling!
You closely miss something.
A sky beast appears from thin air!
Reactivating autopickup.
The sky beast hits you but does no damage.
Menkaure calls on the powers of darkness!
The sky beast convulses!
Your body is wracked with pain!
* * * LOW HITPOINT WARNING * * *
The sky beast closely misses you.
You feel much better.
The sky beast hits you but does no damage.
Menkaure casts a spell.
Menkaure seems to speed up.
The sky beast hits you but does no damage.
You closely miss the sky beast.
Your tail-slap misses the sky beast.
The sky beast is almost dead.
The sky beast completely misses you.
You slash the sky beast!
You kill the sky beast!
Trog accepts your kill.
You feel yourself speed up.
You barely miss Menkaure.
Your tail-slap misses Menkaure.
Menkaure closely misses you. Menkaure hits you!!
* * * LOW HITPOINT WARNING * * *
You barely miss Menkaure. You tail-slap Menkaure!
Menkaure is moderately damaged.
Menkaure hits you!
You die...

##########.##.....
#.........).'.....
#'#####'#####.....
#.#...#)#..##.....
#.#..†#.#))#####'#
#.#...'.#))##.....
#.##'####).##.....
#.#.)†..#.[##.....
#@#...).#'###...<.
#M#........##.....
#5#........##.....
#)###########.....
#)).....# ######
#.......#
#...#M..# #..##
..# #... .#


You could see Menkaure (fast) and a white imp.

Vanquished Creatures
  Sigmund (D)
  An orc warrior (D)
  A sky beast (D)
  A crimson imp (D)
  2 gnolls (D)
  2 orcs (D)
  A ball python (D)
  A bat zombie (D)
  An endoplasm (D)
  2 giant cockroaches (D)
  A goblin (D)
  A kobold (D)
15 creatures vanquished.

Notes
Turn   | Place    | Note
-------+----------+-------------------------------------------
     0 | D        | boopmooplesden the Armataur Berserker began the quest for
                  | the Orb.
     0 | D        | Reached XP level 1. HP: 18/18 MP: 1/1
    15 | D        | Reached skill level 3 in Long Blades
    15 | D        | Reached XP level 2. HP: 22/26 MP: 2/2
    40 | D        | Found a bloodstained altar of Trog.
    40 | D        | Found a shimmering blue altar of Sif Muna.
    40 | D        | Found a viscous altar of Jiyva.
    40 | D        | Found a hazy altar of Hepliaklqana.
    40 | D        | Found an opulent altar of Gozag.
    58 | D        | Reached ** piety under Trog
    59 | D        | Reached skill level 4 in Long Blades
   316 | D        | Reached skill level 1 in Stealth
   433 | D        | Reached *** piety under Trog
   436 | D        | Reached XP level 3. HP: 33/33 MP: 3/3
   504 | D        | Noticed a sky beast
   505 | D        | Noticed an orc warrior
   505 | D        | Noticed Sigmund
   512 | D        | Reached skill level 5 in Long Blades
   513 | D        | Noticed Menkaure
   517 | D        | Killed an orc warrior
   517 | D        | Reached **** piety under Trog
   518 | D        | Reached skill level 6 in Long Blades
   518 | D        | Reached XP level 4. HP: 7/44 MP: 4/4
   518 | D        | Reached XP level 5. HP: 9/50 MP: 5/5
   520 | D        | Killed Sigmund
   521 | D        | Reached skill level 7 in Long Blades
   544 | D        | Killed a sky beast
   545 | D        | HP: 2/51 [Menkaure (18)]
   546 | D        | Mangled by Menkaure

Illustrated notes

Levels and vault maps discovered:
D:        pitsprint [storerooms_1, entrance_room_1, metal_vault_7, armoury_2,
          mini_pit_1, grid_room_1, main_hall_1, silver_pit, the_coven_2,
          the_vestibule_1, steel_vault_1, golden_pit, hallway_of_sentries,
          crystal_vault_2, iron_vault_3, final_vault]

Skill      XL: |  1  2  3  4  5 |
---------------+----------------+-----
Fighting       | 3 4 6 |  6.9
Long Blades    | 3 4 6 7 |  7.5
Armour         | 3 4 |  4.8
Dodging        | 2 3 |  3.6
Stealth        | 1 2 3 |  3.6

Action                     |  1- 3 |  4- 6 || total
---------------------------+-------+-------++-------
  Melee: Falchion          |    28 |       ||    28
         Tailslap          |     6 |     1 ||     7
         Long sword        |     8 |    22 ||    30
 Invoke: Berserk           |     2 |       ||     2
    Use: Potion            |       |     4 ||     4
   Stab: Sleeping          |     2 |       ||     2
 Armour: Animal skin       |    16 |       ||    16
         Chain mail        |     8 |    27 ||    35
  Dodge: Dodged            |    15 |     5 ||    20
